Map: Acropolis LE

Players

Smeeeger - Winner!

  • Race: Zerg Zerg
  • League: Platinum
  • Spawn Location: 5:00

A.I. 1 (Very Hard)

  • Race: Zerg Zerg
  • Spawn Location: 11:00

VOD

Have the link to the VOD?

Description

Time

  • Played on: July 18, 2019, 9:10 p.m.
  • Length: 13:44
Show
View Real Time Build Order
Export as new Build Order

Smeeeger Zerg - Winner!

Build Orders: Hatch First 

Get SALT Encoding   

  12  0:01  Drone  
  13  0:14  Overlord  
  13  0:24  Drone  
  14  0:32  Drone  
  15  0:36  Drone  
  16  0:47  Drone  
  17  0:59  Drone  
  18  1:07  Hatchery  
  18  1:09  Drone  
  18  1:14  Spawning Pool  
  17  1:20  Drone  
  17  1:23  Extractor  
  17  1:30  Drone  
  18  1:40  Drone  
  19  1:51  Drone  
  20  2:01  Queen  
  22  2:07  Overlord  
  22  2:20  Queen  
  24  2:25  Drone x2  
  24  2:26  Zergling x2  
  27  2:36  Queen  
  29  2:42  Drone  
  29  2:43  Drone x2  
  32  2:49  Drone  
  33  2:52  Metabolic Boost  
  33  3:00  Overlord x2  
  33  3:11  Drone  
  33  3:12  Drone x2  
  36  3:14  Overlord  
  36  3:21  Drone  
  36  3:22  Drone x2  
  39  3:33  Evolution Chamber  
  38  3:35  Drone, Roach Warren  
  38  3:36  Drone x2  
  38  3:38  Lair  
  40  3:42  Drone x3  
  40  3:45  Extractor  
  40  3:47  Extractor  
  42  3:48  Drone x2  
  42  3:52  Drone x2  
  45  3:59  Zergling x2  
  46  4:06  Drone x2  
  46  4:07  Drone  
  49  4:11  Zerg Missile Weapons Level 1  
  48  4:24  Roach x3  
  48  4:25  Roach  
  48  4:28  Hatchery, Roach  
  48  4:31  Roach  
  59  4:37  Glial Reconstitution  
  59  4:42  Overlord x2  
  59  4:55  Overlord x2  
  59  5:02  Extractor  
  59  5:04  Drone  
  59  5:06  Overlord x2  
  59  5:07  Roach x4  
  67  5:29  Roach x4  
  67  5:30  Roach x3  
  81  5:39  Drone  
  82  5:44  Queen  
  84  5:51  Drone x3  
  87  5:58  Tunneling Claws  
  87  6:05  Roach x7, Hydralisk Den  
  87  6:09  Ravager x2  
  102  6:12  Drone x2  
  102  6:13  Drone  
  102  6:15  Overlord  
  105  6:20  Zerg Missile Weapons Level 2  
  105  6:25  Drone x3  
  108  6:33  Overlord  
  108  6:35  Muscular Augments  
  108  6:37  Roach x2  
  108  6:39  Roach  
  114  6:43  Drone x2  
  114  6:44  Drone x2  
  118  6:56  Drone, Evolution Chamber  
  118  6:57  Zergling x2  
  118  6:58  Zergling x10  
  124  7:03  Baneling Nest  
  123  7:09  Burrow  
  123  7:10  Pneumatized Carapace  
  123  7:14  Drone x2  
  125  7:16  Overlord x2, Extractor x2  
  125  7:18  Roach  
  125  7:24  Zerg Ground Armor Level 1  
  125  7:27  Drone x3  
  100  7:56  Grooved Spines  
  94  7:58  Drone  
  94  7:59  Hydralisk, Drone x2  
  94  8:00  Hydralisk x7  
  103  8:14  Infestation Pit  
  103  8:17  Centrifical Hooks  
  95  8:31  Hatchery  
  94  8:35  Hatchery  
  94  8:36  Hatchery x2  
  80  8:51  Hive  
  77  8:56  Roach  
  77  8:57  Roach x8  
  77  8:58  Roach  
  97  9:08  Drone  
  98  9:21  Zerg Ground Armor Level 2, Zerg Melee Weapons Level 1  
  98  9:24  Roach x3  
  98  9:25  Roach x4  
  98  9:26  Hydralisk  
  114  9:45  Spine Crawler  
  113  9:46  Drone  
  113  9:47  Drone x4, Queen  
  113  9:48  Drone x3  
  113  9:49  Drone x2  
  125  9:56  Queen  
  129  10:05  Overseer  
  125  10:18  Queen  
  109  10:36  Zergling x26  
  109  10:37  Zergling x32  
  130  10:47  Drone  
  130  10:48  Drone x4  
  131  10:51  Extractor x2  
  129  10:57  Roach x8  
  123  11:26  Drone x3  
  123  11:27  Drone x3  
  107  12:12  Drone x4  
  105  12:53  Hydralisk x2  
  105  12:54  Hydralisk x22  
  152  13:19  Spire  
  147  13:23  Zergling x14  
  147  13:24  Zergling x2  
  147  13:25  Overlord x6  
  147  13:26  Overlord x5  
Show
View Real Time Build Order
Export as new Build Order

A.I. 1 (Very Hard) Zerg 

Build Orders: Pool First 

Get SALT Encoding   

  12  0:00  Drone  
  13  0:12  Overlord  
  13  0:16  Drone  
  14  0:31  Drone x2  
  16  0:42  Spawning Pool  
  15  0:45  Drone  
  15  0:49  Drone  
  17  1:12  Hatchery  
  17  1:14  Drone  
  17  1:16  Extractor  
  16  1:19  Drone  
  16  1:23  Drone  
  18  1:28  Drone  
  19  1:38  Overlord  
  19  1:48  Queen  
  19  1:49  Drone  
  22  2:00  Zergling x2  
  23  2:11  Drone  
  24  2:21  Drone  
  25  2:24  Queen  
  25  2:25  Roach Warren  
  25  2:26  Drone  
  27  2:33  Extractor  
  27  2:36  Drone  
  27  2:42  Overlord  
  27  2:46  Drone  
  27  2:48  Drone  
  29  2:53  Drone  
  29  2:55  Drone  
  29  2:58  Drone  
  32  3:01  Zergling x2  
  32  3:05  Zergling x2  
  34  3:09  Roach  
  36  3:14  Roach  
  36  3:18  Roach  
  40  3:21  Roach  
  43  3:27  Drone  
  43  3:28  Drone  
  43  3:31  Overlord  
  44  3:39  Lair  
  44  3:49  Drone x3  
  44  3:52  Overlord  
  44  3:54  Drone  
  48  3:57  Drone  
  48  3:59  Drone  
  48  4:02  Drone  
  51  4:03  Drone  
  52  4:10  Drone, Zergling x4  
  52  4:13  Zergling x2  
  52  4:16  Overlord  
  56  4:23  Roach  
  58  4:25  Roach  
  58  4:28  Overlord  
  60  4:34  Drone x2  
  62  4:40  Hydralisk Den  
  62  4:41  Drone  
  62  4:53  Overlord  
  62  4:58  Drone, Evolution Chamber  
  62  5:02  Drone  
  62  5:03  Evolution Chamber  
  62  5:04  Drone  
  62  5:05  Drone  
  64  5:08  Hydralisk x2, Roach  
  64  5:10  Hydralisk  
  64  5:11  Hydralisk, Roach  
  64  5:12  Drone, Lurker Den  
  76  5:15  Overlord  
  76  5:23  Drone x2  
  76  5:25  Drone  
  76  5:26  Zerg Missile Weapons Level 1  
  79  5:29  Ravager  
  79  5:32  Drone, Extractor  
  79  5:33  Overlord  
  79  5:34  Roach, Drone  
  82  5:37  Drone  
  82  5:38  Drone  
  82  5:39  Hydralisk  
  82  5:42  Hydralisk  
  88  5:51  Extractor  
  88  5:52  Ravager  
  88  5:53  Drone, Overlord  
  88  5:54  Drone  
  90  5:58  Drone  
  91  6:05  Hydralisk, Roach  
  91  6:06  Roach  
  97  6:11  Hydralisk  
  97  6:12  Overlord  
  97  6:13  Drone  
  97  6:14  Drone  
  101  6:23  Drone, Spine Crawler  
  101  6:27  Drone, Spine Crawler  
  101  6:29  Infestation Pit  
  100  6:38  Roach, Overlord  
  102  6:41  Roach  
  104  6:55  Zerg Ground Armor Level 1  
  104  7:01  Roach  
  104  7:02  Overseer  
  104  7:06  Spore Crawler, Hydralisk, Drone, Infestor, Overlord  
  104  7:07  Spore Crawler  
  104  7:08  Drone  
  110  7:09  Drone, Spine Crawler  
  110  7:10  Hatchery  
  110  7:11  Drone  
  110  7:20  Infestor  
  112  7:24  Hydralisk  
  112  7:28  Hydralisk  
  116  7:33  Hydralisk  
  116  7:34  Overlord  
  118  7:39  Roach x2  
  118  7:41  Roach  
  118  7:42  Zergling x2  
  118  7:43  Roach  
  119  7:45  Roach  
  119  7:47  Zergling x2, Spine Crawler  
  119  7:48  Roach  
  119  7:50  Roach  
  108  7:53  Roach  
  108  7:56  Hydralisk  
  92  8:01  Hydralisk  
  92  8:05  Hydralisk  
  82  8:09  Roach, Zergling x2  
  80  8:13  Roach  
  80  8:15  Roach  
  80  8:17  Roach  
  80  8:18  Zergling x2  
  78  8:20  Hydralisk  
  78  8:23  Roach  
  78  8:25  Roach  
  80  8:28  Roach  
  80  8:32  Roach  
  80  8:34  Hydralisk  
  80  8:39  Hatchery  
  81  8:42  Hydralisk  
  81  8:43  Zergling x2  
  83  8:48  Roach  
  83  8:52  Hydralisk  
  83  8:54  Ravager  
  86  8:55  Roach  
  86  8:59  Hydralisk  
  86  9:00  Zergling x2  
  88  9:04  Hydralisk  
  90  9:12  Ravager  
  90  9:14  Roach  
  90  9:16  Roach  
  95  9:29  Infestor  
  97  9:43  Infestor  
  99  9:46  Roach  
  99  9:47  Spine Crawler  
  99  9:48  Roach  
  99  9:51  Roach  
  99  9:52  Drone, Queen  
  107  9:53  Drone x5  
  107  9:54  Drone x5  
  107  9:56  Drone  
  107  9:59  Drone  
  119  10:01  Extractor  
  119  10:02  Drone  
  119  10:05  Lurker  
  120  10:07  Drone, Extractor  
  120  10:09  Drone  
  120  10:13  Roach  
  115  10:18  Zergling x2  
  115  10:19  Roach  
  115  10:20  Roach, Zergling x2  
  115  10:21  Hydralisk  
  94  10:23  Roach x2, Drone x2  
  88  10:29  Roach  
  88  10:32  Drone  
  88  10:34  Drone  
  80  10:40  Zergling x2  
  71  10:42  Drone  
  71  10:45  Drone  
  56  10:51  Hydralisk, Roach x2  
  56  10:52  Roach  
  56  10:54  Zergling x2  
  56  10:55  Hydralisk, Drone  
  56  10:56  Roach x2  
  66  11:01  Hydralisk  
  61  11:04  Hydralisk  
  61  11:06  Drone  
  61  11:10  Overseer  
  64  11:13  Drone  
  64  11:15  Drone  
  63  11:20  Zergling x2  
  63  11:24  Zergling x2  
  58  11:27  Roach  
  51  11:37  Roach  
  49  11:43  Roach  
  49  11:50  Hydralisk  
  44  11:57  Drone  
  10  12:53  Hatchery  
  10  12:55  Drone  
Tags
 
League
Platinum
Matchup
ZvZ
Race
Zerg
Replay Pack
SC2 replays
Spawn Locations
Cross Positions
Add a new tag
Caveats
  • Supply blocks, unpowered buildings, or Contaminate may cause inaccurate times.
  • Supply counts are checked every 10 seconds.